 Dungeon Crawl Stone Soup version 0.29.1-15-g9cfb28693d (webtiles) character file.

Game seed: 2076404202118665359

14 leafyfresh the Sneak (level 2, 0/21 HPs)
             Began as an Octopode Delver on Mar 13, 2023.
             Slain by a centaur zombie (2 damage)
             ... in an ossuary.
             The game lasted 00:02:24 (972 turns).

leafyfresh the Sneak (Octopode Delver)               Turns: 972, Time: 00:02:24

Health: 0/21       AC:  1    Str: 11    XL:     2   Next: 41%
Magic:  2/2        EV: 13    Int: 12    God:
Gold:   0          SH:  0    Dex: 13    Spells: 1/1 levels left

rFire   . . .      SeeInvis .   a - +0 short sword
rCold   . . .      Faith    .   (no shield)
rNeg    . . .      Spirit   .   (helmet restricted)
rPois   .          Reflect  .   (no amulet)
rElec   .          Harm     .   (no ring)
rCorr   .          Rampage  .   (no ring)
Will    .....                   (no ring)
Stlth   ++++......              (no ring)
HPRegen 0.07/turn               (no ring)
MPRegen 0.08/turn               (no ring)
                                (no ring)
                                (no ring)

@: no status effects
A: almost no armour, amphibious, 8 rings, camouflage 1, gelatinous body 1,
(nimble swimmer 1), tentacles
a: no special abilities


You were in an ossuary.
You visited 1 branch of the dungeon, and saw 1 of its levels.
You also visited: Ossuary.

Inventory:

Hand Weapons
 a - a +0 short sword (weapon)
Wands
 f - a wand of digging (3)
Scrolls
 b - a scroll of fog
 d - a scroll of fear
Potions
 e - a potion of haste


   Skills:
 + Level 3.2 Fighting
 - Level 2.0 Short Blades
 + Level 2.3 Dodging
 + Level 6.9 Stealth


You had one spell level left.
You didn't know any spells.
Your spell library was empty.

Dungeon Overview and Level Annotations

Branches:
Dungeon (5/15)             Temple (0/1) D:5         Ossuary (1/1)

Altars:


Innate Abilities, Weirdness & Mutations

You cannot wear most types of armour.
You are amphibious.
You can wear up to eight rings at the same time.
Your skin changes colour to match your surroundings (Stealth+).
Your rubbery body absorbs attacks. (AC +1, EV +1)
((You are camouflaged when in or above water. (Stealth+)))
You have tentacles for arms and can constrict up to eight enemies at once.


Message History

The centaur zombie hits you. The centaur zombie kicks you.
You hit the centaur zombie.
The centaur zombie is lightly damaged.
The centaur zombie misses you. The centaur zombie kicks you.
The centaur zombie misses you. The centaur zombie kicks you.
You hit the centaur zombie but do no damage.
You squeeze the centaur zombie, but do no damage.
The centaur zombie is lightly damaged.
The centaur zombie hits you but does no damage.
The centaur zombie kicks you.
An orc zombie comes into view.
You hit the centaur zombie but do no damage.
The centaur zombie is lightly damaged.
The centaur zombie hits you.
The centaur zombie kicks you but does no damage.
You hit the centaur zombie.
The centaur zombie is lightly damaged.
The centaur zombie closely misses you. The centaur zombie barely misses you.
The centaur zombie hits you. The centaur zombie kicks you.
A hobgoblin zombie comes into view.
You hit the centaur zombie.
The centaur zombie is moderately damaged.
The centaur zombie barely misses you. The centaur zombie kicks you.
You hit the centaur zombie but do no damage.
The centaur zombie is moderately damaged.
A centaur zombie comes into view.
The centaur zombie hits you.
* * * LOW HITPOINT WARNING * * *
The centaur zombie kicks you but does no damage.
You barely miss the centaur zombie.
The centaur zombie is moderately damaged.
The sentinel's mark upon you fades away.
The centaur zombie hits you.
* * * LOW HITPOINT WARNING * * *
The centaur zombie barely misses you.
A rat zombie comes into view.
You hit the centaur zombie.
The centaur zombie is moderately damaged.
The centaur zombie hits you.
You die...

#...................
#..Z######..######..
#.Z.# #^.# #.. #..Z#
#.^# #.. #...# #^^#
#.. #..Z# ..... #..
#...# ....### #..
#..Z# .....# #..
#..@# ......# #..
#...#.....∩.# #..
#...####+.... #..
#...# #.. #...# #..
#...##############..
#...................
#.........∩∩........
####################


You could see a rat zombie, a hobgoblin zombie, an orc zombie and 2 centaur
zombies.

Vanquished Creatures
  6 hobgoblin zombies (Ossuary)
  6 kobold zombies (Ossuary)
  8 orc zombies (Ossuary)
20 creatures vanquished.

Notes
Turn   | Place    | Note
-------+----------+-------------------------------------------
     0 | D:5      | leafyfresh the Octopode Delver began the quest for the Orb.
     0 | D:5      | Reached XP level 1. HP: 16/16 MP: 1/1
    29 | D:5      | Found a sand-covered staircase.
    38 | Ossuary  | Entered an ossuary
   333 | Ossuary  | Reached XP level 2. HP: 20/21 MP: 2/2
   972 | Ossuary  | Slain by a centaur zombie

Illustrated notes

Levels and vault maps discovered:
D:5:      layout_gridville, nicolae_yredelemnul_corpse_copse, temple_fountains,
          serial_demonic, serial_demonic_d, serial_demonic_e, serial_demonic_e,
          serial_demonic_f, serial_demonic_e,
          lightli_ossuary_entry_decrepit_ruins, kennysheep_generic_room_11,
          uniq_ijyb, uniq_pikel
Ossuary:  ossuary_tomb_1

Action                   || total
-------------------------++-------
Melee: Short sword       ||    50
       Constrict         ||    16
       Tentacles         ||    10
       Punch             ||     1
  Use: Scroll            ||     1
 Stab: Sleeping          ||     4
Armor: Skin              ||     4
Dodge: Dodged            ||    25
